 Dungeon Crawl Stone Soup version 0.30-a0-585-g93115170b9 (webtiles) character file.

Game seed: 13291295540278558298

5149 experimilk the Destroyer (level 10, -1/75 (77) HPs)
             Began as a Grey Draconian Conjurer on Jan 2, 2023.
             Was a Priest of Vehumet.
             Asphyxiated
             ... on level 8 of the Dungeon.
             The game lasted 00:18:35 (7099 turns).

experimilk the Destroyer (Grey Draconian Conjurer)  Turns: 7099, Time: 00:18:35

HP:   -1/75 (77)    AC: 12    Str: 10    XL:     10   Next: 33%
MP:   20/20         EV: 11    Int: 23    God:    Vehumet [***...]
Gold: 536           SH:  3    Dex: 15    Spells: 14/23 levels left

rFire   . . .      SeeInvis .    b - staff of conjuration
rCold   . . .      Faith    .    v - +0 buckler
rNeg    + . .      Spirit   .    (body armour unavailable)
rPois   .          Reflect  .    (helmet restricted)
rElec   .          Harm     .    (no cloak)
rCorr   .          Rampage  .    (no gloves)
Will    .....                    (no boots)
Stlth   ++                       i - amulet of magic regeneration
HPRegen 0.32/turn                p - +6 ring of dexterity
MPRegen 0.57/turn                B - ring of positive energy

@: lethally poisoned (-1 -> -9), slowed, lightly drained, very slow
A: AC +12, amphibious, unfitting armour, cold-blooded
a: Renounce Religion


You were on level 8 of the Dungeon.
You worshipped Vehumet.
Vehumet was most pleased with you.
You visited 2 branches of the dungeon, and saw 9 of its levels.
You also visited: Ossuary.

You collected 536 gold pieces.

Inventory:

Hand Weapons
 a - a +2 dagger of venom
 D - a +0 dagger of holy wrath
 G - a +4 falchion
 J - a +5 short sword of freezing
Missiles
 A - a throwing net
Armour
 v - a +0 buckler (worn)
 N - a +0 pair of gloves
Magical Staves
 b - a staff of conjuration (weapon)
 z - a staff of fire
Jewellery
 e - the ring "Arumotau" {rC- Str+4 Int+6 Stlth+}
   (You found it on level 2 of the Dungeon)

   [ring of intelligence]

   Str:       It affects your strength (+4).
   Int:       It affects your intelligence (+6).
   rC:        It makes you vulnerable to cold.
   Stlth:     It makes you more stealthy.
 i - an amulet of magic regeneration (around neck)
 p - a +6 ring of dexterity (left hand)
 B - a ring of positive energy (right hand)
 F - a +6 ring of strength
 K - a ring of positive energy
Wands
 r - a wand of quicksilver (3)
 w - a wand of charming (1)
 y - a wand of polymorph (5)
 H - a wand of mindburst (12)
Scrolls
 g - 3 scrolls of magic mapping {unknown}
 h - a scroll of noise {unknown}
 j - 5 scrolls of teleportation
 k - 3 scrolls of poison {unknown}
 l - 4 scrolls of blinking
 n - 5 scrolls of vulnerability
 o - a scroll of enchant armour {unknown}
 q - 2 scrolls of enchant weapon {unknown}
 s - a scroll of silence
 C - a scroll of amnesia {unknown}
 I - a scroll of identify
Potions
 c - a potion of degeneration {unknown}
 d - 4 potions of might
 f - 3 potions of cancellation {unknown}
 m - 3 potions of heal wounds
 t - 2 potions of lignification {unknown}
 u - 3 potions of curing
 x - a potion of mutation {unknown}
 E - a potion of magic
 L - a potion of brilliance
 M - a potion of haste {unknown}


   Skills:
 - Level 3.0 Fighting
 - Level 1.7 Dodging
 - Level 1.7 Stealth
 - Level 7.0 Spellcasting
 + Level 13.1 Conjurations
 + Level 3.6 Translocations


You had 14 spell levels left.
You knew the following spells:

 Your Spells              Type           Power      Damage    Failure   Level
a - Magic Dart            Conj           100%       1d8       1%          1
v - Momentum Strike       Conj/Tloc      100%       3d10      1%          2
x - Iskenderun's Mystic   Conj/Tloc      63%        2d13      1%          4
z - Searing Ray           Conj           100%       2d8       1%          2

Your spell library contained the following spells:

 Spells                   Type           Power      Damage    Failure   Level
 Static Discharge         Conj/Air       100%       2-7/arc   1%          2
 Shock                    Conj/Air       100%       1d9       1%          1
 Dazzling Flash           Conj/Hex       100%       N/A       1%          3
 Mephitic Cloud           Conj/Pois/Air  42%        N/A       1%          3
 Fulminant Prism          Conj/Hex       27%        3d14      1%          4
 Poisonous Vapours        Pois/Air       16%        N/A       4%          2
 Call Imp                 Summ           8%         N/A       16%         2
 Cigotuvi's Dreadful Rot  Necr/Pois/Air  16%        N/A       16%         2
 Airstrike                Air            4%         2d(1-17)  26%         4
 Swiftness                Air            8%         N/A       30%         3


Dungeon Overview and Level Annotations

Branches:
Dungeon (8/15)             Temple (1/1) D:4         Ossuary (visited)
   Lair: D:8-11

Altars:
Ashenzari
Cheibriados
Dithmenos
Elyvilon
Fedhas
Gozag
Kikubaaqudgha
Makhleb
Nemelex Xobeh
Qazlal
Sif Muna
Uskayaw
Vehumet
Wu Jian


Innate Abilities, Weirdness & Mutations

Your dull iron-grey scales are very hard. (AC +12)
You are amphibious.
You cannot fit into any form of body armour.
You are cold-blooded and may be slowed by cold attacks.


Message History

The kobold brigand throws a curare-tipped dart.
The curare-tipped dart hits you.
You are poisoned.
You have difficulty breathing.
You feel yourself slow down.
An electric eel comes into view.
You feel very sick.
The kobold brigand throws a curare-tipped dart.
The curare-tipped dart hits you.
You are more poisoned.
You have difficulty breathing.
You feel as though you will be slow longer.
A white ugly thing comes into view.
You see here a +0 pair of gloves.
N - a +0 pair of gloves You feel extremely sick.
The kobold brigand throws a curare-tipped dart.
The curare-tipped dart misses you.
You feel very sick.
The centaur warrior unwields a +0 hand axe.
The centaur warrior wields a +0 longbow.
The centaur warrior shoots an arrow.
The arrow hits you!!
* * * LOW HITPOINT WARNING * * *
You feel very sick.
The centaur warrior shoots an arrow.
The arrow barely misses you. The wight completely misses you.
The centaur warrior shoots an arrow.
The arrow hits you!
* * * LOW HITPOINT WARNING * * *
The wight hits you with a +3 short sword!
* * * LOW HITPOINT WARNING * * *
You partially resist.
You feel drained.
You hear a shout!
There is a stone staircase leading up, spattered with blood here.
You feel better. The wight hits you but does no damage.
The wight hits you with a +3 short sword.
* * * LOW HITPOINT WARNING * * *
The kobold brigand throws a curare-tipped dart.
The curare-tipped dart hits you.
You are lethally poisoned!
You have difficulty breathing.
You die...

# ♣♣..♣ ♣♣[[.♣ #
#### ♣)♣### #
♣♣.♣♣ # #♣...♣# #
#.....# #♣...♣#
♣♣.♣♣ # ##♣'♣##
≈.#
♣.#))@..#♣~≈~♣#
.~.)F[.8z.Kc≈~≈..
♣.♣.#..>..#♣~≈~♣#
## ♣ ##♣'♣## ~D.#
#. ♣.♣ .# #. ♣.♣
#. .♣. #. ♣ ♣ #.
#.


You could see a centaur warrior, a steam dragon (wandering), a kobold brigand, a
bullfrog (wandering) and a wight.

Vanquished Creatures
  Pikel (D:5)
  Grinder (D:3)
  Sigmund (D:6)
  A vampire (D:8)
  5 yaks (D:8)
  2 steam dragons (D:8)
  A vampire mosquito (D:8)
  2 water moccasins
  An acid dragon (D:8)
  An ice beast (D:6)
  3 centaurs
  2 black bears
  An ogre (D:6)
  2 lemures (D:5)
  A phantom (D:4)
  2 elf zombies
  A kobold brigand (D:7)
  3 bullfrogs
  2 necrophages
  An elf skeleton (D:6)
  7 wights
  A killer bee (D:8)
  3 howler monkeys
  5 hounds
  2 jellies
  2 human zombies
  3 orc priests
  2 gnoll boudas
  A human skeleton (D:6)
  Ijyb (D:3)
  2 iguanas
  7 orc wizards
  4 mummies (Ossuary)
  9 gnolls
  13 adders
  A shadow imp (D:7)
  2 worms
  3 dart slugs
  25 orcs
  8 ball pythons
  10 endoplasms
  3 giant cockroaches
  7 hobgoblins
  3 quokkas
  6 bats
  3 frilled lizards
  7 goblins
  A hobgoblin zombie (Ossuary)
  2 jackal zombies (Ossuary)
  12 kobolds
  3 kobold zombies (Ossuary)
  2 orc skeletons (D:6)
  2 orc zombies (Ossuary)
  9 rats
  A rat zombie (Ossuary)
206 creatures vanquished.

Vanquished Creatures (collateral kills)
  An adder zombie (Ossuary)
1 creature vanquished.

Vanquished Creatures (others)
  10 plants
10 creatures vanquished.

Grand Total: 217 creatures vanquished

Notes
Turn   | Place    | Note
-------+----------+-------------------------------------------
     0 | D:1      | experimilk the Draconian Conjurer began the quest for the
                  | Orb.
     0 | D:1      | Reached XP level 1. HP: 14/14 MP: 3/3
   232 | D:1      | Reached XP level 2. HP: 20/20 MP: 0/5
   852 | D:1      | Learned a level 2 spell: Searing Ray
   873 | D:1      | Reached XP level 3. HP: 26/26 MP: 3/6
  1335 | D:2      | Identified the ring "Arumotau" {rC- Str+4 Int+6 Stlth+}
  1413 | D:2      | Reached skill level 5 in Conjurations
  1431 | D:2      | Reached XP level 4. HP: 33/33 MP: 2/8
  1846 | D:3      | Noticed Grinder
  1847 | D:3      | Paralysed by Grinder for 2 turns
  1872 | D:3      | Killed Grinder
  1873 | D:3      | Reached skill level 6 in Conjurations
  1873 | D:3      | Reached XP level 5. HP: 29/41 MP: 6/10
  1873 | D:3      | Reached XP level 6. HP: 34/48 MP: 6/11
  2002 | D:3      | Noticed Ijyb
  2007 | D:3      | Killed Ijyb
  2649 | D:4      | You fall into a shaft and drop 1 floor!
  2649 | D:5      | Entered Level 5 of the Dungeon
  2651 | D:5      | Noticed a water moccasin
  2656 | D:5      | Killed a water moccasin
  2657 | D:5      | Your scales start taking on a dull iron-grey colour.
  2657 | D:5      | Reached XP level 7. HP: 57/57 MP: 9/13
  2682 | D:5      | Reached skill level 7 in Conjurations
  2763 | D:4      | Found a broken altar of Ashenzari.
  2769 | D:4      | Learned a level 4 spell: Iskenderun's Mystic Blast
  2775 | D:4      | Found a staircase to the Ecumenical Temple.
  2780 | D:4      | Reached skill level 5 in Spellcasting
  2785 | Temple   | Entered the Ecumenical Temple
  2808 | Temple   | Became a worshipper of Vehumet
  2899 | D:4      | Found a hide-covered altar of Uskayaw.
  3005 | D:4      | Found a stormy altar of Qazlal.
  3006 | D:4      | Found a snail-covered altar of Cheibriados.
  3493 | D:5      | Reached skill level 8 in Conjurations
  3500 | D:5      | Reached XP level 8. HP: 63/63 MP: 2/15
  3679 | D:5      | Noticed Pikel
  3690 | D:5      | Killed Pikel
  3691 | D:5      | Reached skill level 9 in Conjurations
  4026 | D:6      | Reached skill level 10 in Conjurations
  4050 | D:6      | Found a sand-covered staircase.
  4062 | Ossuary  | Entered an ossuary
  4068 | Ossuary  | Reached * piety under Vehumet
  4068 | Ossuary  | Offered knowledge of Freeze by Vehumet.
  4685 | D:6      | Reached skill level 11 in Conjurations
  4685 | D:6      | Reached XP level 9. HP: 69/69 MP: 11/16
  4697 | D:6      | Noticed Sigmund
  4700 | D:6      | Killed Sigmund
  5408 | D:7      | Reached ** piety under Vehumet
  5408 | D:7      | Offered knowledge of Momentum Strike by Vehumet.
  5414 | D:7      | Learned a level 2 spell: Momentum Strike
  5459 | D:7      | Reached skill level 12 in Conjurations
  5570 | D:7      | Found a white marble altar of Elyvilon.
  5575 | D:7      | Reached skill level 1 in Translocations
  5964 | D:8      | Offered knowledge of Static Discharge by Vehumet.
  5966 | D:8      | Noticed a cyclops
  5977 | D:7      | Reached XP level 10. HP: 43/77 MP: 8/19
  6359 | D:8      | Identified the +0 robe "Ygeteox" {rN+ Will+}
  6367 | D:8      | Found an ornate altar of the Wu Jian Council.
  6874 | D:8      | Reached skill level 13 in Conjurations
  6956 | D:8      | Reached *** piety under Vehumet
  7093 | D:8      | Noticed a centaur warrior
  7094 | D:8      | Noticed a white ugly thing
  7099 | D:8      | Asphyxiated

Illustrated notes

Levels and vault maps discovered:
D:1:      matt_arrival_diagonals, layout_loops_ring, serial_bayou_crossing
D:2:      layout_loops_cross, minmay_misc_feat_columns, serial_bayou_pond_b
D:3:      layout_rooms, st_stairs_12, uniq_grinder, uniq_ijyb
D:4:      layout_loops_ring, nicolae_uskayaw_dance_hall,
          mainiacjoe_overflow_tiny_flanked, minitemple,
          minmay_temple_entry_hall, small_statue_intersection
D:5:      layout_basic, uniq_pikel
D:6:      layout_cave_pods, nicolae_ossuary_entry_catacombs, uniq_sigmund
D:7:      layout_loops_ring, mainiacjoe_overflow_chevrons
D:8:      nzn_winding_woodlands_stair_cross [nzn_winding_woodlands_5x15_jagged,
          nzn_winding_woodlands_center_garden,
          nzn_winding_woodlands_5x15_river_crossing,
          nzn_winding_woodlands_5x5_default, nzn_winding_woodlands_5x5_cross,
          nzn_winding_woodlands_5x15_eye,
          nzn_winding_woodlands_center_triple_pond,
          nzn_winding_woodlands_5x15_longhouse], layout_basic,
          pdpol_wu_jian_five_deadly_venoms
Temple:   eino_temple_scatter_basement

Skill      XL: |  1  2  3  4  5  6  7  8  9 10 |
---------------+-------------------------------+-----
Conjurations   | 5 6 8 11 12 13 | 13.1
Spellcasting   | 3 4 5 6 7 |  7.0
Fighting       | 2 3 |  3.0
Translocations | 3 |  3.6
Dodging        | |  1.7
Stealth        | |  1.7

Action                   |  1- 3 |  4- 6 |  7- 9 | 10-12 || total
-------------------------+-------+-------+-------+-------++-------
Melee: Unarmed           |     2 |       |       |       ||     2
       Spear             |    22 |     2 |       |       ||    24
       Tailslap          |     2 |       |       |       ||     2
       Staff             |       |     1 |     7 |     2 ||    10
 Cast: Magic Dart        |    49 |    56 |    51 |    12 ||   168
       Searing Ray       |     8 |    20 |    67 |    21 ||   116
       Iskenderun's Myst |       |       |     6 |     6 ||    12
       Momentum Strike   |       |       |       |     2 ||     2
Evoke: Wand              |       |       |     4 |     2 ||     6
  Use: Scroll            |     3 |     1 |     4 |       ||     8
       Potion            |       |     1 |     1 |     1 ||     3
Armor: Skin              |    11 |     7 |    43 |    20 ||    81
Dodge: Dodged            |    22 |    10 |    46 |    14 ||    92
Block: Buckler           |       |       |    14 |     5 ||    19

Table legend: (Time is in decaauts)
 A = Elapsed time spent in this place.
 B = Non-inter-level travel time spent in this place.
 C = Inter-level travel time spent in this place.
 D = Time resting spent in this place.
 E = Time spent auto-exploring this place.
 F = Levels seen in this place.
 G = Mean time per level.
                   A        B        C        D        E       F      G
               +--------+--------+--------+--------+--------+-----+--------+
         Total |   7112 |   6785 |    327 |    769 |   4942 |  10 |  711.2 |
       Dungeon |   6753 |   6443 |    310 |    769 |   4722 |   8 |  844.1 |
        Temple |     41 |     24 |     17 |      0 |     10 |   1 |   41.0 |
       Ossuary |    317 |    317 |      0 |      0 |    210 |   1 |  317.0 |
               +--------+--------+--------+--------+--------+-----+--------+

Top non-repeatable levels by time:
     D:1: 1252 daAuts
     D:7: 1072 daAuts
     D:6: 917 daAuts
     D:8: 885 daAuts
     D:4: 731 daAuts
     D:5: 661 daAuts
     D:3: 647 daAuts
     D:2: 586 daAuts
 Ossuary: 317 daAuts
  Temple: 41 daAuts
